 Dungeon Crawl Stone Soup version 0.27.0-1-g7a089689b8 (webtiles) character file.

Game seed: 13864113039035445420

44 SnakkuSnakku7 the Skirmisher (level 3, -1/20 HPs)
             Began as a Vine Stalker Berserker on Aug 11, 2021.
             Was a Believer of Trog.
             Slain by a kobold (2 damage)
             ... on level 2 of the Dungeon.
             The game lasted 00:01:13 (962 turns).

SnakkuSnakku7 the Skirmisher (VSBe)                  Turns: 962, Time: 00:01:14

Health: -1/20      AC:  3    Str: 20    XL:     3   Next: 62%
Magic:  0/4        EV: 12    Int:  7    God:    Trog [**....]
Gold:   35         SH:  0    Dex: 13    Spells: 2/2 levels left

rFire    . . .     SeeInvis .   a - +0 hand axe
rCold    . . .     Faith    .   (no shield)
rNeg     . . .     Spirit   +   b - +0 animal skin
rPois    .         Reflect  .   (no helmet)
rElec    .         Harm     .   e - +0 cloak
rCorr    .         Rampage  .   (no gloves)
Will     .....                  (no boots)
Stlth    +.........             (no amulet)
HPRegen  0.06/turn              (no ring)
MPRegen  0.09/turn              (no ring)

@: on berserk cooldown, slowed, very slow
A: fangs 2, magic shield, antimagic bite, no potion heal 2
a: Renounce Religion, Berserk, Trog's Hand


You were on level 2 of the Dungeon.
You worshipped Trog.
Trog was pleased with you.
You visited 1 branch of the dungeon, and saw 2 of its levels.

You collected 35 gold pieces.

Inventory:

Hand Weapons
 a - a +0 hand axe (weapon)
Armour
 b - a +0 animal skin (worn)
 e - a +0 cloak (worn)
Wands
 i - a wand of flame (20)
Scrolls
 c - a scroll of magic mapping {unknown}
 f - a scroll of identify {unknown}
 g - a scroll of summoning {unknown}
Potions
 d - a potion of curing {unknown}
 h - a potion of berserk rage {unknown}


   Skills:
 + Level 3.4 Fighting
 + Level 3.4 Axes
 - Level 1.5 Armour
 - Level 1.5 Dodging


You had 2 spell levels left.
You didn't know any spells.
Your spell library was empty.

Dungeon Overview and Level Annotations

Branches:
Dungeon (2/15)

Altars:


Innate Abilities, Weirdness & Mutations

You have extremely sharp teeth.
When hurt, damage is shared between your health and your magic reserves.
Your bite disrupts and absorbs the magic of your enemies.
Potions cannot restore your health.


Message History

You closely miss the kobold. You hit the bush.
Unknown command.
You slash the kobold!
You kill the kobold!
Trog accepts your kill.
You hit the bush.
Unknown command.
You are no longer berserk.
You are exhausted.
You feel yourself slow down. 2 rats come into view.
The rat bites the bush but does no damage.
Something bites the plant.
The plant begins to die.
The kobold hits you with a +0 dagger.
* * * LOW HITPOINT WARNING * * *
The rat bites the bush but does no damage.
The rat moves out of view.
You barely miss the kobold. The kobold hits you with a +0 dagger.
* * * LOW HITPOINT WARNING * * *
A frilled lizard comes into view.
The kobold closely misses you.
You closely miss the kobold. The kobold barely misses you.
The kobold misses you.
You hit the kobold. Your bite misses the kobold.
The kobold is heavily wounded.
A nearby plant withers and dies.
The kobold misses you. The kobold hits you with a +0 dagger.
* * * LOW HITPOINT WARNING * * *
You closely miss the kobold. Your bite misses the kobold.
The kobold is heavily wounded.
The kobold hits you with a +0 dagger.
* * * LOW HITPOINT WARNING * * *
The rat barely misses you.
Unknown command.
The kobold closely misses you.
Items here: )) ††.
The rat bites you.
* * * LOW HITPOINT WARNING * * *
The kobold hits you with a +0 dagger.
You die...

##.####(.# ##..###
........#.##.#...##
########..#..#.#..#
#########.#
♣♣♣♣♣♣♣P#♣#.#
PPPP..≈PP♣#.#
.PP.....PP#.#
.#......)K#.#
r#...§..lr@.#
.#.......P###
.....÷..PP#
PPP#...P#P# ##
♣♣#P♣♣## ##


You could see a kobold, a frilled lizard and a rat.

Vanquished Creatures
  An adder (D:2)
  A dart slug (D:2)
  4 endoplasms
  A giant cockroach (D:1)
  5 goblins
  3 hobgoblins (D:1)
  A quokka (D:1)
  A ball python (D:1)
  3 bats
  A frilled lizard (D:2)
  6 kobolds
  2 rats
29 creatures vanquished.

Vanquished Creatures (others)
  9 plants (D:2)
9 creatures vanquished.

Grand Total: 38 creatures vanquished

Notes
Turn   | Place    | Note
-------+----------+-------------------------------------------
     0 | D:1      | SnakkuSnakku7 the Vine Stalker Berserker began the quest
                  | for the Orb.
     0 | D:1      | Reached XP level 1. HP: 11/11 MP: 2/2
   222 | D:1      | Reached XP level 2. HP: 14/16 MP: 3/3
   775 | D:2      | Found a faded altar of an unknown god.
   803 | D:2      | Reached XP level 3. HP: 9/20 MP: 4/4
   951 | D:2      | Reached ** piety under Trog
   962 | D:2      | HP: 1/20 [rat (1)]
   962 | D:2      | Slain by a kobold

Illustrated notes

Levels and vault maps discovered:
D:1:      scummos_arrival_simple_crosswalls, layout_loops_corners
D:2:      layout_loops_ring, ebering_ecumenical_altar_rust,
          minmay_misc_feat_doors, lexackson_kobold_supper

Skill      XL: |  1 |
---------------+----+-----
Fighting       | 3 |  3.4
Axes           | 3 |  3.4
Armour         | |  1.5
Dodging        | |  1.5

Action                   || total
-------------------------++-------
Melee: Hand axe          ||    68
       Bite              ||    15
Invok: Berserk           ||     2
 Stab: Sleeping          ||     1
Armor: Animal skin       ||    13
Dodge: Dodged            ||    46
